 Dungeon Crawl Stone Soup version 0.29.0-4-gdea44cf6ec (webtiles) character file.

Game seed: 16580467185184457053

63 qw the Chopper (level 4, -2/26 HPs)
             Began as a Tengu Warper on Aug 28, 2022.
             Slain by Sigmund
             ... wielding a +4 scythe of protection
              (12 damage)
             ... on level 2 of the Dungeon.
             The game lasted 00:00:10 (1806 turns).

qw the Chopper (Tengu Warper)                       Turns: 1806, Time: 00:00:10

Health: -2/26      AC:  5    Str: 14    XL:     4   Next: 9%
Magic:  8/8        EV:  9    Int: 16    God:
Gold:   53         SH:  0    Dex: 13    Spells: 7/7 levels left

rFire   . . .      SeeInvis .   b - +1 hand axe "Dragon's Tongue" {spect, Int+3}
rCold   . . .      Faith    .   e - +0 kite shield
rNeg    . . .      Spirit   .   j - +0 ring mail
rPois   .          Reflect  .   (helmet restricted)
rElec   .          Harm     .   (no cloak)
rCorr   .          Rampage  .   (no gloves)
Will    +....                   (boots unavailable)
Stlth   ..........              (no amulet)
HPRegen 0.08/turn               l - ring of willpower
MPRegen 0.11/turn               (no ring)

@: confused
A: beak, talons 3
a: no special abilities


You were on level 2 of the Dungeon.
You visited 1 branch of the dungeon, and saw 2 of its levels.

You collected 53 gold pieces.


Innate Abilities, Weirdness & Mutations

You have a beak for a mouth.
You have claws for feet.


   Skills:
 - Level 2.0 Fighting
 + Level 3.9 Axes
 - Level 1.0 Throwing
 - Level 1.1 Armour
 - Level 2.1 Dodging
 - Level 2.0 Shields
 - Level 2.0 Spellcasting
 - Level 2.4 Translocations


You had 7 spell levels left.
You didn't know any spells.
Your spell library contained the following spells:

 Spells                   Type           Power      Damage    Failure   Level
 Blink                    Tloc           18%        N/A       63%         2
 Gell's Gravitas          Tloc           9%         N/A       85%         3
 Lesser Beckoning         Tloc           9%         N/A       85%         3
 Teleport Other           Tloc           9%         N/A       85%         3
 Manifold Assault         Tloc           9%         N/A       100%        5

Inventory:

Hand Weapons
 b - the +1 hand axe "Dragon's Tongue" (weapon) {spect, Int+3}
   (You found it on level 2 of the Dungeon)

   When its wielder attacks, the weapon's spirit leaps out and strikes again.
   The spirit shares a part of any damage it takes with its wielder.
   Int:       It affects your intelligence (+3).
 i - a +0 mace
Armour
 e - a +0 kite shield (worn)
 j - a +0 ring mail (worn)
Jewellery
 h - a ring of fire
 l - a ring of willpower (left hand)
Scrolls
 a - a scroll of identify
 f - a scroll of magic mapping {unknown}
 m - a scroll of enchant weapon {unknown}
Potions
 c - a potion of attraction {unknown}
 d - a potion of degeneration {unknown}
 g - a potion of haste {unknown}
 k - a potion of lignification {unknown}
 n - a potion of brilliance {unknown}

Dungeon Overview and Level Annotations

Branches:
Dungeon (2/15)

Altars:

Annotations:
D:2 1 runed translucent door, Crazy Yiuf, Sigmund


Message History

There is an open door here.
You see here a quokka corpse.
There is an open door here.
You see here a quokka corpse.
There is a stone staircase leading up here.
There is an open door here.
An adder comes into view.
The adder hisses angrily.
Enter note: The adder barely misses you.
You hit the adder. You claw the adder.
You kill the adder!
Your Shields skill increases to level 2!
You have reached level 4!
You feel stronger.
Found a hammer.
Enter note: Crazy Yiuf shouts!
There is an open door here.
There is an open door here.
Found a robe.
You now have 53 gold pieces (gained 7).
Found a ring mail.
Enter note: You see here a +0 ring mail.
m - a scroll labelled NOALIN LURO You see here 6 stones.
Enter note:
n - a fizzy emerald potion Sigmund the Dreaded comes into view.
He is wielding a +4 scythe of protection.
Found a large golden ring.
Sigmund shouts!
Sigmund gestures at you while chanting.
You are confused.
Sigmund hits you with a +4 scythe of protection!
You hit Sigmund but do no damage. Your kick misses Sigmund.
Your peck misses Sigmund.
Sigmund hits you with a +4 scythe of protection!
You're too confused to move!
Sigmund hits you with a +4 scythe of protection!
You die...

#..#.####.# # .#
........#.##.#...#
[.................
...#..#.#.##.#...#
#..##.#..........#
......#...##.###.#
#........(##.###.#
#.#####..###...#@#
#........#####.#@#
########.........#
# #######.### #
..... # ###.##.# #
#.# # # #.. # ##.
# .


You could see Sigmund.

Vanquished Creatures
  2 adders
  2 dart slugs
  3 bats (D:1)
  4 endoplasms (D:1)
  2 giant cockroaches
  4 goblins (D:1)
  2 hobgoblins (D:1)
  3 jackals (D:2)
  2 quokkas
  3 ball pythons (D:1)
  2 frilled lizards (D:1)
  3 kobolds (D:1)
  8 rats (D:1)
  A spectral goblin (D:2)
41 creatures vanquished.

Notes
Turn   | Place    | Note
-------+----------+-------------------------------------------
     0 | D:1      | qw the Tengu Warper began the quest for the Orb.
     0 | D:1      | Reached XP level 1. HP: 12/12 MP: 4/4
     0 | D:1      | 0 ||| qw: Version: 0.1-a-89-g26bdef1
     0 | D:1      | 0 ||| qw: Game counter: 1487
     0 | D:1      | 0 ||| qw: Always use a shield: true
     0 | D:1      | 0 ||| qw: God list: Okawaru
     0 | D:1      | 0 ||| qw: Allow faded altars: false
     0 | D:1      | 0 ||| qw: Do Orc after D:15 true
     0 | D:1      | 0 ||| qw: Do second Lair branch before Depths: true
     0 | D:1      | 0 ||| qw: Lair rune preference: random
     0 | D:1      | 0 ||| qw: Plans: Normal
     0 | D:1      | 0 ||| PLANNING D:1-11
    80 | D:1      | 80 ||| Stepping ~*~*~tactically~*~*~ (stealth).
   120 | D:1      | Reached skill level 3 in Axes
   120 | D:1      | Reached XP level 2. HP: 17/17 MP: 6/6
   134 | D:1      | 134 ||| Stepping ~*~*~tactically~*~*~ (stealth).
   151 | D:1      | 151 ||| Stepping ~*~*~tactically~*~*~ (stealth).
   171 | D:1      | 171 ||| Stepping ~*~*~tactically~*~*~ (stealth).
   175 | D:1      | 175 ||| Stepping ~*~*~tactically~*~*~ (stealth).
   182 | D:1      | 182 ||| Stepping ~*~*~tactically~*~*~ (stealth).
   376 | D:1      | 376 ||| Stepping ~*~*~tactically~*~*~ (stealth).
   383 | D:1      | 383 ||| Stepping ~*~*~tactically~*~*~ (stealth).
   389 | D:1      | 389 ||| Stepping ~*~*~tactically~*~*~ (stealth).
   390 | D:1      | 390 ||| Stepping ~*~*~tactically~*~*~ (stealth).
   392 | D:1      | 392 ||| Stepping ~*~*~tactically~*~*~ (stealth).
   394 | D:1      | 394 ||| Stepping ~*~*~tactically~*~*~ (stealth).
   435 | D:1      | 435 ||| Stepping ~*~*~tactically~*~*~ (stealth).
   438 | D:1      | 438 ||| Stepping ~*~*~tactically~*~*~ (stealth).
   442 | D:1      | 442 ||| Stepping ~*~*~tactically~*~*~ (stealth).
   444 | D:1      | 444 ||| Stepping ~*~*~tactically~*~*~ (stealth).
   445 | D:1      | 445 ||| Stepping ~*~*~tactically~*~*~ (stealth).
   553 | D:1      | 553 ||| Stepping ~*~*~tactically~*~*~ (stealth).
   571 | D:1      | Reached XP level 3. HP: 16/21 MP: 7/7
   677 | D:1      | 677 ||| Stepping ~*~*~tactically~*~*~ (hiding).
   779 | D:1      | 779 ||| Stepping ~*~*~tactically~*~*~ (hiding).
   912 | D:1      | 912 ||| UPGRADING to +0 kite shield.
   917 | D:1      | 917 ||| UPGRADING to +0 ring mail.
   927 | D:1      | 927 ||| DROPPING +0 leather armour.
   928 | D:1      | 928 ||| UPGRADING to ring of willpower.
   929 | D:1      | 929 ||| READING 2 scrolls labelled REJOXT NYBITH.
   930 | D:1      | 930 ||| DROPPING scroll of blinking.
   968 | D:2      | 968 ||| STAIRDANCE
   976 | D:1      | Reached skill level 1 in Shields
  1135 | D:2      | 1135 ||| STAIRDANCE
  1141 | D:2      | 1141 ||| STAIRDANCE
  1331 | D:2      | Identified the +1 hand axe "Dragon's Tongue" {spect, Int+3}
  1333 | D:2      | 1333 ||| SWAPPING to +1 hand axe "Dragon's Tongue" {spect,
                  | Int+3}.
  1334 | D:2      | 1334 ||| DROPPING +0 hand axe.
  1509 | D:2      | Found a faded altar of an unknown god.
  1637 | D:2      | Reached XP level 4. HP: 26/26 MP: 8/8
  1657 | D:2      | Found a runed translucent door.
  1658 | D:2      | Noticed Crazy Yiuf
  1803 | D:2      | Noticed Sigmund
  1806 | D:2      | Slain by Sigmund

Levels and vault maps discovered:
D:1:      nzn_arrival_crosshair, layout_basic, chequers_serial_rivers_small_a,
          st_stairs_10, nrook_loot_triangle
D:2:      layout_loops_corners, dreamdust_ecumenical_altar_drowned_temple,
          minmay_domino_4, uniq_jessica, uniq_sigmund, uniq_crazy_yiuf_cottage

Skill      XL: |  1  2  3 |
---------------+----------+-----
Axes           | 3 |  3.9
Shields        | 2 |  2.0
Fighting       | |  2.0
Throwing       | |  1.0
Armour         | |  1.1
Dodging        | |  2.1
Spellcasting   | |  2.0
Translocations | |  2.4

Action                   |  1- 3 |  4- 6 || total
-------------------------+-------+-------++-------
Melee: Hand axe          |    86 |     1 ||    87
       Kick              |    16 |       ||    16
       Peck              |     9 |       ||     9
       Punch             |     1 |       ||     1
Throw: Boomerang         |     7 |       ||     7
  Use: Scroll            |     1 |       ||     1
Armor: Leather armour    |    10 |       ||    10
       Ring mail         |    11 |       ||    11
Dodge: Dodged            |    34 |       ||    34
Block: Kite shield       |    10 |       ||    10

Table legend:
 A = Non-vault XP
 B = Vault XP
 C = Vault XP percentage of total XP
 D = Non-vault monster count
 E = Vault monster count
 F = Vault count percentage of total count
                 A         B        C        D         E       F
            +---------+---------+-------+---------+---------+-------
      Total |      70 |      20 |  22.2 |      35 |       6 |  14.6
            +---------+---------+-------+---------+---------+-------
        D:1 |      43 |      19 |  30.6 |      28 |       5 |  15.2
        D:2 |      27 |       1 |   3.6 |       7 |       1 |  12.5
            +---------+---------+-------+---------+---------+-------
